Map: Prion Terraces

Players

IlIlIlIlIl

  • Race: Protoss Protoss
  • League: Master

Miszu - Winner!

  • Race: Terran Terran
  • League: Master

VOD

Have the link to the VOD?

Description

Time

  • Played on: March 22, 2016, 4:10 p.m.
  • Length: 6:50
Show
View Real Time Build Order
Export as new Build Order

IlIlIlIlIl Protoss 

Build Orders: Blink Stalkers 

Get SALT Encoding   

  12  0:00  Probe (Chrono Boost)  
  13  0:11  Probe (Chrono Boost)  
  14  0:21  Pylon  
  14  0:25  Probe (Chrono Boost)  
  15  0:39  Probe (Chrono Boost)  
  16  0:44  Gateway  
  16  0:50  Probe (Chrono Boost)  
  17  0:58  Gateway  
  17  0:59  Gateway  
  17  1:03  Probe (Chrono Boost)  
  18  1:14  Assimilator  
  18  1:16  Probe (Chrono Boost)  
  19  1:30  Probe (Chrono Boost)  
  20  1:41  Probe (Chrono Boost)  
  20  1:43  Assimilator  
  20  1:45  Cybernetics Core  
  21  1:51  Pylon  
  21  1:56  Probe (Chrono Boost)  
  22  2:06  Probe (Chrono Boost)  
  25  2:17  Probe (Chrono Boost)  
  28  2:30  Stalker (Chrono Boost)  
  28  2:31  Warp Gate (Chrono Boost)  
  28  2:35  Stalker (Chrono Boost), Pylon  
  28  2:38  Pylon  
  28  2:54  Twilight Council  
  28  2:56  Gateway  
  28  3:06  Mothership Core  
  30  3:13  Gateway  
  30  3:33  Pylon  
  29  3:37  Blink (Chrono Boost)  
  29  3:44  Stalker  
  31  3:53  Stalker  
  33  4:02  Pylon  
  33  4:20  Gateway  
  33  4:33  Stalker  
  33  4:34  Stalker x3  
  41  4:57  Stalker x2  
  41  4:59  Stalker  
  47  5:08  Stalker  
  49  5:18  Stalker  
  51  5:24  Pylon  
  45  5:49  Stalker x2  
  41  5:50  Stalker  
  41  5:55  Adept  
  45  5:57  Adept  
  43  6:17  Adept x3  
  47  6:23  Adept  
Show
View Real Time Build Order
Export as new Build Order

Miszu Terran - Winner!

Build Orders: Command Center First (CC) 

Get SALT Encoding   

  12  0:00  SCV  
  13  0:12  SCV  
  14  0:18  Supply Depot  
  14  0:24  SCV  
  15  0:40  SCV  
  16  0:52  SCV  
  17  0:59  Command Center  
  17  1:04  SCV  
  18  1:16  SCV  
  18  1:18  Barracks  
  19  1:31  SCV  
  20  1:36  Barracks  
  20  1:43  SCV  
  21  1:48  Barracks  
  21  1:56  SCV  
  22  2:05  Marine  
  22  2:07  Bunker  
  23  2:09  Orbital Command  
  23  2:19  Orbital Command  
  23  2:23  Marine  
  23  2:24  Marine  
  25  2:35  Marine  
  25  2:36  SCV  
  27  2:41  Marine  
  28  2:44  SCV  
  28  2:47  Marine  
  28  2:48  SCV  
  31  2:53  Marine  
  31  2:56  Engineering Bay, SCV  
  33  2:59  Marine  
  33  3:00  SCV  
  33  3:04  Supply Depot, Marine  
  36  3:09  Barracks  
  36  3:19  Marine x2, Barracks  
  38  3:23  Missile Turret  
  38  3:26  Marine, Missile Turret  
  39  3:31  Refinery  
  39  3:35  SCV  
  39  3:36  SCV  
  39  3:37  Marine x2  
  43  3:44  Supply Depot, Marine  
  44  3:54  SCV x2  
  46  4:05  Marine x4  
  46  4:06  Supply Depot, SCV  
  46  4:07  Barracks Tech Lab  
  51  4:13  SCV  
  52  4:23  Marine x2  
  54  4:28  Marine x2, SCV  
  54  4:29  Supply Depot x2  
  54  4:30  Marine, Refinery  
  58  4:33  SCV  
  59  4:41  Marine x2  
  59  4:42  Supply Depot  
  59  4:43  Stimpack  
  61  4:45  Marine  
  61  4:50  Marine  
  61  4:51  Bunker  
  61  4:52  Supply Depot  
  65  4:53  Marauder  
  65  4:59  Marine x2  
  67  5:06  SCV x2  
  69  5:07  Marine  
  69  5:08  Marine  
  69  5:13  Refinery  
  73  5:14  Marauder  
  73  5:15  Refinery  
  73  5:16  Supply Depot  
  73  5:17  Marine x2  
  75  5:25  Marine  
  70  5:35  Marauder  
  60  5:48  Marine x3  
  63  5:56  Bunker  
  65  5:57  Marauder  
  65  6:00  Barracks Tech Lab  
  65  6:03  Factory  
  64  6:05  Marine  
  64  6:06  Marine x2  
  64  6:12  Bunker  
  63  6:18  Marauder  
  63  6:19  Marauder  
  63  6:20  SCV x2  
  63  6:24  Marine x2  
Tags
 
Add a new tag
Caveats
  • Supply blocks, unpowered buildings, or Contaminate may cause inaccurate times.
  • Supply counts are checked every 10 seconds.